 Dungeon Crawl Stone Soup version 0.20.0-10-g0535bb4 (webtiles) character file.

84 shinino the Sneak (level 4, -6/31 HPs)
             Began as an Octopode Monk on June 6, 2017.
             Mangled by an orc priest
             ... wielding a +0 hand axe
              (7 damage)
             ... on level 3 of the Dungeon.
             The game lasted 00:04:12 (1752 turns).

shinino the Sneak (Octopode Monk)                   Turns: 1752, Time: 00:04:14

Health: -6/31      AC:  3    Str: 11    XL:     4   Next: 45%
Magic:  4/4        EV: 14    Int: 12    God:
Gold:   134        SH:  0    Dex: 14    Spells: 3/3 levels left

rFire    . . .     SeeInvis .     - Unarmed
rCold    + . .     Gourm    .   (no shield)
rNeg     . . .     Faith    .   (helmet restricted)
rPois    .         Spirit   .   (no amulet)
rElec    .         Reflect  .   e - ring of ice
rCorr    .         Harm     .   p - ring of protection from fire
MR       .....                  (no ring)
Stlth    ++++......             (no ring)
Regen    0.1/turn               (no ring)
MPRegen  0.1/turn               (no ring)
                                (no ring)
                                (no ring)

@: hasted, very quick
A: almost no armour, stealthy swim, amphibious, 8 rings, constrict 8, molten
scales 1, camouflage 1, blurry vision 1, high mp 1, gelatinous body 1
a: no special abilities


You were on level 3 of the Dungeon.
You were not hungry.

You visited 1 branch of the dungeon, and saw 3 of its levels.

You collected 134 gold pieces.

Inventory:

Jewellery
 e - a ring of ice (left tentacle)
 p - a ring of protection from fire (right tentacle)
Scrolls
 b - a scroll of fog
 f - a scroll of remove curse
 h - a scroll of enchant weapon {unknown}
 m - a scroll of recharging {unknown}
 q - a scroll of immolation {unknown}
Potions
 g - a potion of ambrosia
 j - a potion of agility
 n - a potion of cancellation
Comestibles
 a - 2 bread rations
 c - 2 royal jellies
 d - a chunk of flesh
 i - 3 fruits
 k - a meat ration


   Skills:
 + Level 3.5 Fighting
 - Level 3.0 Dodging
 + Level 4.9 Stealth
 * Level 3.7 Unarmed Combat


You had 3 spell levels left.
You didn't know any spells.

Dungeon Overview and Level Annotations

Branches:
Dungeon (3/15)

Altars:
Ashenzari
Gozag
Vehumet


Innate Abilities, Weirdness & Mutations

You cannot wear most types of armour.
You are very stealthy in the water. (Stealth+)
You are amphibious.
You can wear up to eight rings at the same time.
You can use your tentacles to constrict eight enemies at once.
Your skin changes colour to match your surroundings (Stealth+).
Your rubbery body absorbs attacks. (AC +1, EV +1)
You are partially covered in molten scales. (AC +2)
Scrolls take you a little longer to read.
You have an increased reservoir of magic. (+10% MP)


Message History

The orc wizard hits you but does no damage.
You're too confused to move!
The orc wizard closely misses you. The orc priest closely misses you.
You bump into the rock wall.
You feel less invigorated.
You feel less confused.
The orc wizard gestures at you while chanting.
The magic dart hits you!
* * * LOW HITPOINT WARNING * * *
You tentacle-slap the orc wizard. You grab the orc wizard.
The orc wizard is heavily wounded.
You constrict the orc wizard. The orc wizard misses you.
The orc priest looks encouraged for a moment.
You tentacle-slap the orc wizard.
The orc wizard is almost dead.
You constrict the orc wizard, but do no damage.
The orc wizard casts a spell at you. The magic dart hits you!
* * * LOW HITPOINT WARNING * * *
The orc priest hits you with a hand axe!
You die...

#.......... ##.........
####.........
..##.......#
#.##.......## ###
#.##........# #..
#.##........# #..
#.#####o######....#####..
.......o@....'........'..
#...#<#.######....#####..
###.#.#.######....#####..
.....?................+..
#####.#.###############..
...#+# ### ###


You could see an orc priest and an orc wizard.

Vanquished Creatures
  3 adders
  2 worms (D:2)
  An orc (D:3)
  8 bats
  2 giant cockroaches (D:1)
  13 goblins
  6 hobgoblins
  A quokka (D:3)
  A ball python (D:3)
  3 frilled lizards (D:1)
  4 kobolds
  6 rats
50 creatures vanquished.

Notes
Turn   | Place    | Note
-------+----------+-------------------------------------------
     0 | D:1      | shinino the Octopode Monk began the quest for the Orb.
     0 | D:1      | Reached XP level 1. HP: 16/16 MP: 1/1
   173 | D:1      | Reached skill level 3 in Stealth
   246 | D:1      | Reached XP level 2. HP: 17/21 MP: 2/2
   741 | D:1      | Reached skill level 4 in Stealth
   830 | D:1      | Reached XP level 3. HP: 22/26 MP: 3/3
  1171 | D:2      | Reached XP level 4. HP: 31/31 MP: 4/4
  1237 | D:2      | Found a shattered altar of Ashenzari.
  1473 | D:3      | Found a radiant altar of Vehumet.
  1473 | D:3      | Found an opulent altar of Gozag.
  1597 | D:3      | Gained mutation: You are weak. (Str -2) [potion of mutation]
  1597 | D:3      | Gained mutation: One of your tentacles bears a spike. [potion of mutation]
  1597 | D:3      | Gained mutation: Scrolls take you a little longer to read. [potion of mutation]
  1597 | D:3      | Gained mutation: You are agile. (Dex +2) [potion of mutation]
  1598 | D:3      | Lost mutation: One of your tentacles bears a spike. [potion of mutation]
  1598 | D:3      | Lost mutation: You are weak. (Str -2) [potion of mutation]
  1598 | D:3      | Lost mutation: You are agile. (Dex +2) [potion of mutation]
  1598 | D:3      | Lost mutation: Scrolls take you a little longer to read. [potion of mutation]
  1598 | D:3      | Gained mutation: You are partially covered in molten scales. (AC +2) [potion of mutation]
  1598 | D:3      | Gained mutation: Scrolls take you a little longer to read. [potion of mutation]
  1598 | D:3      | Gained mutation: You have an increased reservoir of magic. (+10% MP) [potion of mutation]
  1752 | D:3      | HP: 1/31 [orc wizard/magic dart (4)]
  1752 | D:3      | Mangled by an orc priest

Skill      XL: |  1  2 |
---------------+-------+-----
Stealth        | 3 4 |  4.9
Fighting       | |  3.5
Dodging        | |  3.0
Unarmed Combat | |  3.7

Action                   |  1- 3 |  4- 6 || total
-------------------------+-------+-------++-------
Melee: Unarmed           |    65 |    37 ||   102
       Constrict         |    18 |    10 ||    28
       Tentacles         |     9 |     4 ||    13
       Punch             |     1 |     1 ||     2
  Use: Scroll            |       |     7 ||     7
       Potion            |       |     4 ||     4
 Stab: Sleeping          |    15 |     4 ||    19
       Distracted        |     1 |       ||     1
  Eat: Chunk             |     1 |     2 ||     3
Armor: Skin              |     4 |     5 ||     9
Dodge: Dodged            |    30 |    26 ||    56
